 Dungeon Crawl Stone Soup version 0.20-a0-1122-gb7cbeb9 (webtiles) character file.

679623 Monsterracer the Axe Maniac (level 27, -11/273 HPs)
             Began as a Hill Orc Fighter on May 13, 2017.
             Was a Priest of Uskayaw.
             Blown up by an ancient lich (46 damage)
             ... with a wavering orb of destruction
             ... on level 5 of the Realm of Zot.
             The game lasted 03:46:44 (78577 turns).

Monsterracer the Axe Maniac (Hill Orc Fighter)     Turns: 78577, Time: 03:46:44

Health: -11/273    AC: 50    Str: 38    XL:     27
Magic:  35/35      EV: 19    Int:  4    God:    Uskayaw [***...]
Gold:   3980       SH:  0    Dex: 15    Spells: 23/26 levels left

rFire    + + +     SeeInvis .   W - +3 executioner's axe of Popular Demand {chop, rF+ Str+8 Int-4}
rCold    + . .     Gourm    .   (shield currently unavailable)
rNeg     . . .     Faith    +   R - +4 crystal plate armour of Lethargy {+Fly MR+ rCorr Str-2}
rPois    +         Spirit   .   M - +2 helmet
rElec    +         Reflect  .   v - +2 cloak
rCorr    +         Harm     .   E - +0 pair of gloves {Dex+3}
MR       +++..                  K - +2 pair of boots of Paranoia {+Inv}
Stlth    ..........             U - amulet of faith
Regen    0.6/turn               q - ring of poison resistance
MPRegen  0.3/turn               d - ring of protection from fire

@: lethally poisoned (-11 -> -14), resistant
A: hooves 2, thin skeletal structure 1, blink, screaming 1, evolution 1
}: 3/15 runes: decaying, silver, gossamer
a: Blink, Stomp, Line Pass, Renounce Religion, Evoke Invisibility, Evoke Flight


You were on level 5 of the Realm of Zot.
You worshipped Uskayaw.
Uskayaw was most pleased with you.
You were not hungry.

You visited 8 branches of the dungeon, and saw 46 of its levels.
You also visited: Labyrinth and Sewer.

You collected 7169 gold pieces.
You spent 3189 gold pieces at shops.

Inventory:

Hand Weapons
 W - the +3 executioner's axe of Popular Demand (weapon) {chop, rF+ Str+8 Int-4}
   (You acquired it on level 4 of the Spider Nest)

   It inflicts extra damage upon your enemies.
   It affects your strength (+8).
   It affects your intelligence (-4).
   It protects you from fire.
Armour
 n - the +5 plate armour "Vugget" {rPois rC- Int+6 Slay+4}
   (You bought it in a shop on level 3 of the Vaults)

   It affects your intelligence (+6).
   It affects your accuracy and damage with ranged weapons and melee attacks
   (+4).
   It makes you vulnerable to cold.
   It protects you from poison.
 v - a +2 cloak (worn)
 A - the +1 pair of gloves of Qium {+Fly rCorr Int-3}
   (You bought it in a shop on level 9 of the Dungeon)

   It affects your intelligence (-3).
   It lets you fly.
   It protects you from acid and corrosion.
 C - a +10 plate armour of fire resistance
 E - a +0 pair of gloves of dexterity (worn)
 K - the +2 pair of boots of Paranoia (worn) {+Inv}
   (You found it in a labyrinth)

   It lets you turn invisible.
 M - a +2 helmet (worn)
 R - the +4 crystal plate armour of Lethargy (worn) {+Fly MR+ rCorr Str-2}
   (You found it on level 5 of the Vaults)

   It affects your strength (-2).
   It affects your resistance to hostile enchantments.
   It lets you fly.
   It protects you from acid and corrosion.
Jewellery
 d - a ring of protection from fire (right hand)
 q - a ring of poison resistance (left hand)
 z - an uncursed ring of teleportation
 B - an uncursed ring of protection from cold
 S - an uncursed ring of see invisible
 U - an amulet of faith (around neck)
 V - a +3 ring of evasion
Wands
 G - a wand of digging (15/24)
Scrolls
 a - 3 scrolls of fog
 h - 16 scrolls of teleportation
 i - 34 scrolls of identify
 k - 8 scrolls of enchant weapon
 o - 10 scrolls of fear
 s - 2 scrolls of blinking
 w - 17 scrolls of remove curse
 H - 4 scrolls of recharging
 J - 4 scrolls of summoning
 L - a scroll of brand weapon
Potions
 b - 3 potions of cancellation
 c - 4 potions of resistance
 j - 19 potions of curing
 m - 11 potions of flight
 p - 9 potions of heal wounds
 r - 5 potions of agility
 t - 2 potions of magic
 u - 3 potions of ambrosia
 x - 8 potions of brilliance
 F - 2 potions of invisibility
 N - 5 potions of haste
 P - 4 potions of might
 Q - a potion of mutation
 T - 3 potions of berserk rage
Comestibles
 f - 22 bread rations
 g - 20 meat rations
 l - 29 royal jellies
 I - 14 fruits


   Skills:
 O Level 27 Fighting
 O Level 27 Axes
 O Level 27 Armour
 * Level 18.3 Dodging
   Level 4.0 Shields
 + Level 17.8 Invocations
 - Level 7.0 Evocations


You had 23 spell levels left.
You knew the following spells:

 Your Spells              Type           Power        Failure   Level  Hunger
d - Regeneration          Chrm/Necr      #.........   100%        3    ####...


Dungeon Overview and Level Annotations

Branches:
Dungeon (15/15)            Temple (0/1) D:7            Lair (6/6) D:10
  Swamp (4/4) Lair:4       Spider (4/4) Lair:2        Slime (0/5) Lair:5
    Orc (2/2) D:11            Elf (0/3) Orc:2        Vaults (5/5) D:14
  Crypt (0/3) Vaults:3     Depths (5/5) D:15            Zot (5/5) Depths:5

Altars:
Dithmenos
Fedhas
Gozag
Hepliaklqana
Kikubaaqudgha
Makhleb
Okawaru
Sif Muna
Trog
Uskayaw
Wu Jian
Yredelemnul
Zin
The Shining One
Jiyva

Shops:
D:5 }   D:7 :   D:9 [   Orc:2 *(:[   Vaults:1 [   Vaults:3 *   Vaults:5 }

Portals:
Hell: Depths:1 Depths:2 Depths:3 Depths:4 Depths:5
Abyss: Depths:4
Pandemonium: Depths:3

Annotations:
Lair:2 exclusion: 3 oklob plants
Lair:6 exclusion: oklob plant


Innate Abilities, Weirdness & Mutations

You have hoof-like feet.
You have a somewhat thin skeletal structure. (Dex +2, Stealth)
You can translocate small distances at will.
You occasionally shout uncontrollably at your foes.
You evolve.


Message History

You feel sick. The ancient lich barely misses you.
An ancient lich comes into view.
You hit the ancient lich.
The ancient lich is almost destroyed.
You feel sick. The ancient lich misses you.
Uskayaw will force your foes to helplessly watch your dance.
Uskayaw prepares the audience for your solo!
The helpless ancient lich fails to defend itself.
You chop the ancient lich into pieces!!!!!
You destroy the ancient lich!
Your life force feels restored.
You feel sick.
The ancient lich is no longer paralysed.
You feel sick. The ancient lich barely misses you.
You slice the ancient lich!!
The ancient lich is moderately damaged.
You feel sick.
The ancient lich launches a ball of destructive magic.
The wavering orb of destruction weakly hits you!
You die...

.....###..........# #....^.# #
.###..............# #......# ⌠#
#..............####...)))# .#
#.....................).######
.###..............########)).....
..##...........#### ##........?
..##...........# #..........
..######.......########..........
..# #######.L@..........######
###****** ########.########
,,,,,,,,** *...............#
,,,,,,,,,** *#.............## *
,,,,,,,,,,** #.............# **
,,,,,,,,,,,* ##...........## *,
,,,,,,,,,,,* #...........# *,
,,,,,,,,,,,* *#...........#* *,
,,,,,,,,,,,* #.............# *,


You could see an ancient lich.

Vanquished Creatures
  3 orbs of fire
  4 ancient liches
  Bai Suzhen (Vaults:2)
  Saint Roka (Vaults:2)
  A caustic shrike (Depths:4)
  5 curse toes
  4 Killer Klowns
  13 golden dragons
  the Enchantress (Depths:3)
  A Tzitzimitl (Depths:2)
  6 electric golems
  Jorgrun (Swamp:2)
  27 tentacled monstrosities
  Rupert (D:14)
  2 liches
  5 titans
  Asterion (Spider:2)
  6 Orb Guardians (Zot:5)
  4 quicksilver dragons
  5 sphinxes
  2 thorn hunters (Swamp:4)
  17 death cobs
  23 storm dragons
  6 tengu reavers
  A revenant (Vaults:3)
  6 shadow dragons
  2 draconian monks (Zot:1)
  Roxanne (D:14)
  The ghost of Monsterracer the Brawler, an adept TrFi of Hepliaklqana (D:15)
  The ghost of nikopol the Impaler, an adept GrBe of Trog (Swamp:3)
  9 draconian knights
  8 fire giants
  12 frost giants
  4 deep elf sorcerers
  An orc warlord (Vaults:4)
  4 draconian scorchers
  14 vault wardens
  5 emperor scorpions
  2 draconian shifters
  7 ghost moths
  5 draconian annihilators
  5 draconian stormcallers
  22 ironheart preservers
  5 entropy weavers
  3 spriggan defenders (Depths:3)
  2 iron dragons
  22 very ugly things
  3 vampire knights (Depths:5)
  25 stone giants
  A war gargoyle (Vaults:5)
  6 green draconians
  2 deep elf demonologists (Vaults:4)
  8 red draconians
  Nessos (Lair:4)
  Azrael (D:13)
  7 spark wasps
  53 slime creatures
  2 deep elf annihilators (Vaults:4)
  16 white draconians
  7 yellow draconians
  14 ettins
  17 purple draconians
  17 black draconians
  3 jiangshi (Depths:2)
  Josephine (Lair:5)
  A merfolk impaler (Depths:4)
  5 deep elf death magi
  An eidolon (Depths:2)
  8 fire dragons
  A minotaur (Lab)
  9 great orbs of eyes
  12 yaktaur captains
  6 rakshasas
  13 ice dragons
  A monstrous demonspawn (Depths:3)
  2 ghost crabs
  27 hydras
  33 vault guards
  16 centaur warriors
  4 spriggan air magi
  92 two-headed ogres
  5 death yaks (Lair:4)
  Erica (Orc:1)
  4 dancing weapons
  A queen ant (Spider:1)
  15 alligators
  3 death knights
  8 death scarabs (Spider:4)
  26 ogre magi
  A titan zombie (Depths:2)
  A vampire mage (Depths:2)
  6 deep troll earth magi
  6 deep troll shamans
  2 spriggan berserkers
  5 tengu warriors
  A hell hog (Depths:1)
  Sonja (D:15)
  9 deep elf knights
  The ghost of darksquall the Cleaver, a novice MiFi (D:7)
  5 shadow wraiths
  11 hell knights
  A soul eater (Depths:2)
  An iron troll (Depths:2)
  A spark wasp zombie (Depths:3)
  A fire crab (shapeshifter) (Depths:2)
  8 skeletal warriors
  2 small abominations (Vaults:4)
  A spectral anaconda (Depths:2)
  A death drake (Depths:2)
  A glowing orange brain (shapeshifter) (Depths:4)
  A spectral hydra (Depths:2)
  17 deep trolls
  An unseen horror (D:10)
  3 glowing orange brains
  12 swamp dragons
  8 wizards
  5 deep elf archers
  4 spriggan druids
  3 shambling mangroves (Swamp:3)
  A shadow dragon zombie (Depths:2)
  16 ironbrand convokers
  2 orange crystal statues (Depths:2)
  A lindwurm (shapeshifter) (Vaults:3)
  9 harpies
  6 flayed ghosts
  A lindwurm (Lair:6)
  12 orc knights
  A tengu zombie (Vaults:3)
  8 phantasmal warriors
  3 spectral wolf spiders (Spider:4)
  22 orb spiders
  An iron dragon zombie (Depths:3)
  2 wolf spider zombies
  An orc sorcerer (Vaults:4)
  The ghost of feelmyfire the Destroyer, a novice DEFE of Sif Muna (D:6)
  A tengu skeleton (Depths:4)
  A salamander (shapeshifter) (Vaults:2)
  10 necromancers
  23 deep elf magi
  2 manticores
  A faun (shapeshifter) (Depths:3)
  35 wolf spiders
  3 mana vipers (Depths:2)
  A fire giant zombie (Depths:2)
  58 ugly things
  4 cyclopes
  34 moths of wrath
  A black mamba (shapeshifter) (Vaults:4)
  4 black mambas
  Joseph (D:8)
  2 eyes of devastation (shapeshifter)
  2 torpor snails
  22 vault sentinels
  3 molten gargoyles (Lair:6)
  4 gargoyles
  An orange demon (Depths:3)
  A frost giant skeleton (Depths:4)
  23 spiny frogs
  53 yaktaurs
  6 freezing wraiths
  A spark wasp simulacrum (Depths:2)
  A spriggan skeleton (Depths:3)
  2 kobold demonologists
  A spectral redback (Spider:4)
  2 komodo dragons (shapeshifter)
  An efreet (D:13)
  A hellion (Depths:3)
  14 komodo dragons
  17 demonic crawlers
  2 golden dragon simulacra
  3 spectral merfolk (Depths:2)
  2 tengu conjurers
  13 trolls
  A polar bear (Lair:6)
  2 anaconda simulacra (Depths:2)
  A hellwing (Depths:3)
  3 redback zombies
  40 jumping spiders
  A meliai (D:9)
  6 tyrant leeches
  2 trolls (shapeshifter)
  17 hornets
  2 raiju (Depths:2)
  An iron dragon simulacrum (Depths:4)
  A queen bee (shapeshifter) (Depths:4)
  2 spectral tarantellas (Spider:4)
  A harpy skeleton (D:15)
  17 blink frogs
  9 hippogriffs
  A polar bear (shapeshifter) (Depths:3)
  6 bog bodies
  3 hippogriffs (shapeshifter)
  3 spectral jumping spiders (Spider:4)
  A fire giant simulacrum (Vaults:1)
  A slime creature (shapeshifter) (Vaults:4)
  An ettin zombie (Vaults:3)
  2 tarantella zombies (Spider:4)
  A jumping spider zombie (Spider:4)
  Sigmund (D:3)
  3 air elementals (Depths:4)
  28 tarantellas
  66 redbacks
  A spriggan (shapeshifter) (Vaults:5)
  10 wraiths
  A centaur simulacrum (D:15)
  8 spriggans
  7 shadows
  53 yaks
  2 vampires (Depths:2)
  8 water elementals
  A tarantella (shapeshifter) (D:15)
  7 wyverns
  A hog (shapeshifter) (D:15)
  2 fire bats (Lair:4)
  4 basilisks
  A chaos spawn (Depths:3)
  A neqoxec (Depths:3)
  2 golden eyes (shapeshifter)
  18 vampire mosquitoes
  2 fire elementals (D:13)
  15 wargs
  27 soldier ants
  17 swamp worms
  29 insubstantial wisps
  26 hell hounds
  A floating eye (shapeshifter) (D:9)
  2 floating eyes
  11 water moccasins
  A spectral troll (Depths:2)
  A hornet zombie (Spider:4)
  41 orc warriors
  5 porcupines
  3 spectral spriggans (Depths:2)
  17 swamp drakes
  2 black bears
  2 sky beasts
  2 eyes of draining
  A black bear (shapeshifter) (D:15)
  4 ice beasts
  3 phantoms
  12 wolves
  29 boggarts
  A necrophage (D:7)
  58 ogres
  17 crocodiles
  25 centaurs
  2 big kobolds (D:13)
  Blork the orc (D:4)
  2 human zombies (Vaults:3)
  20 bullfrogs
  A wyvern skeleton (D:11)
  A scorpion (D:13)
  2 spectral ogres (Depths:2)
  2 spectral nagas (Depths:2)
  2 wights (Depths:2)
  7 howler monkeys
  5 electric eels
  3 spectral centaurs (Depths:2)
  6 centaur zombies
  10 crimson imps
  6 lava snakes
  2 human simulacra
  4 hounds
  2 bullfrog skeletons
  32 orc priests
  5 iron imps (Depths:3)
  7 jellies
  7 centaur skeletons
  6 iguanas
  Jessica (D:2)
  Natasha (thrice) (D:2)
  29 orc wizards
  20 worker ants
  2 troll simulacra (Depths:2)
  A hound skeleton (D:5)
  A worker ant zombie (D:7)
  Robin (D:2)
  8 gnolls
  19 adders
  3 shadow imps
  An ufetubus (Depths:3)
  15 oozes
  5 adder skeletons
  2 worms (D:2)
  A dart slug (D:3)
  18 leopard geckos
  113 orcs
  11 giant cockroaches
  14 goblins
  7 hobgoblins
  17 jackals
  3 quokkas
  20 ball pythons
  4 bats
  14 frilled lizards
  A giant cockroach zombie (D:5)
  13 kobolds
  A leopard gecko skeleton (D:9)
  A quokka skeleton (D:9)
  11 rats
  A butterfly (Lair:2)
  A crawling corpse (Vaults:4)
  2 fungi
  3 plants (Depths:2)
2529 creatures vanquished.

Vanquished Creatures (others)
  A bone dragon (Zot:2)
  A moth of wrath (Zot:5)
  A jumping spider (Spider:2)
  A tyrant leech (Swamp:4)
  2 redbacks
  A wraith (Depths:2)
  A tarantella (shapeshifter) (Vaults:3)
  3 boggarts
  2 ogres
  3 briar patches (Swamp:4)
  7 fungi
  4 plants
27 creatures vanquished.

Grand Total: 2556 creatures vanquished

Notes
Turn   | Place    | Note
-------+----------+-------------------------------------------
     0 | D:1      | Monsterracer the Hill Orc Fighter began the quest for the Orb.
     0 | D:1      | Reached XP level 1. HP: 19/19 MP: 1/1
   164 | D:1      | Gained mutation: You expend magic power (3 MP) to strengthen your wands. [potion of mutation]
   164 | D:1      | Gained mutation: Your muscles are strong. (Str +2) [potion of mutation]
   164 | D:1      | Gained mutation: You are dopey. (Int -2) [potion of mutation]
   164 | D:1      | Gained mutation: You are somewhat resistant to further mutation. [potion of mutation]
   340 | D:1      | Reached XP level 2. HP: 24/26 MP: 2/2
   915 | D:1      | Reached XP level 3. HP: 8/31 MP: 3/3
  1195 | D:2      | Noticed Jessica
  1201 | D:2      | Killed Jessica
  1201 | D:2      | Reached skill level 5 in Axes
  1215 | D:2      | Found a glowing golden altar of the Shining One.
  1315 | D:2      | Reached XP level 4. HP: 37/39 MP: 4/4
  1393 | D:2      | Noticed Robin
  1421 | D:2      | Killed Robin
  1714 | D:2      | Noticed Natasha
  1724 | D:2      | Killed Natasha
  1724 | D:2      | Reached XP level 5. HP: 28/45 MP: 5/5
  1789 | D:2      | Noticed Natasha
  1792 | D:2      | Killed Natasha
  1811 | D:2      | Noticed Natasha
  1827 | D:2      | Killed Natasha
  2037 | D:2      | Found a basalt altar of Yredelemnul.
  2037 | D:2      | Found a burning altar of Makhleb.
  2037 | D:2      | Found a hide-covered altar of Uskayaw.
  2037 | D:2      | Found a deep blue altar of Sif Muna.
  2045 | D:2      | Found a shadowy altar of Dithmenos.
  2047 | D:2      | Found a bloodstained altar of Trog.
  2052 | D:2      | Became a worshipper of Uskayaw the Reveler
  2200 | D:2      | Reached * piety under Uskayaw
  2675 | D:3      | Found an opulent altar of Gozag.
  2746 | D:3      | Reached skill level 1 in Invocations
  2760 | D:3      | Reached XP level 6. HP: 50/52 MP: 6/6
  2760 | D:3      | Reached ** piety under Uskayaw
  2973 | D:3      | Noticed Sigmund
  2989 | D:3      | Killed Sigmund
  2989 | D:3      | Reached *** piety under Uskayaw
  3377 | D:4      | Reached XP level 7. HP: 59/59 MP: 8/8
  3478 | D:4      | Found an ancient bone altar of Kikubaaqudgha.
  3496 | D:4      | Found a glowing drain.
  3528 | Sewer    | Entered a sewer
  3873 | Sewer    | Reached **** piety under Uskayaw
  3947 | D:4      | Reached XP level 8. HP: 52/67 MP: 10/10
  4085 | D:4      | Reached skill level 5 in Fighting
  4153 | D:4      | Noticed Blork the orc
  4166 | D:4      | Killed Blork the orc
  4166 | D:4      | Reached skill level 5 in Armour
  4224 | D:4      | Reached skill level 10 in Axes
  4837 | D:5      | Entered Level 5 of the Dungeon
  5180 | D:5      | Reached skill level 5 in Invocations
  5433 | D:5      | Reached XP level 9. HP: 56/75 MP: 5/13
  5587 | D:5      | Found Rorphuih's Gadget Shoppe.
  5624 | D:5      | Found an iron altar of Okawaru.
  6121 | D:6      | Noticed feelmyfire's ghost (novice DEFE)
  7274 | D:5      | HP: 3/77 [poisoned by feelmyfire's ghost]
  7574 | D:6      | Killed feelmyfire's ghost
  7574 | D:6      | Reached skill level 1 in Dodging
  8617 | D:7      | Reached ***** piety under Uskayaw
  8975 | D:7      | Noticed darksquall's ghost (novice MiFi)
  9002 | D:7      | Killed darksquall's ghost
  9002 | D:7      | Reached XP level 10. HP: 53/86 MP: 15/15
  9172 | D:7      | Found a staircase to the Ecumenical Temple.
  9215 | D:7      | Found Anlaodd's Book Shoppe.
  9226 | D:7      | Found a blossoming altar of Fedhas.
  9233 | D:7      | Noticed a two-headed ogre
  9254 | D:7      | Killed a two-headed ogre
  9646 | D:7      | Found an ornate altar of the Wu Jian Council.
 10157 | D:8      | Noticed Joseph
 10172 | D:8      | Killed Joseph
 10588 | D:9      | Identified a scroll of acquirement
 10840 | D:9      | Noticed a two-headed ogre
 10847 | D:9      | Killed a two-headed ogre
 10993 | D:9      | Learned a level 1 spell: Magic Dart
 11165 | D:9      | Found a hazy altar of Hepliaklqana.
 11393 | D:9      | Noticed a skeletal warrior
 11653 | D:9      | Killed a skeletal warrior
 11653 | D:9      | Reached XP level 11. HP: 44/95 MP: 17/17
 11925 | D:9      | Found a glowing silver altar of Zin.
 12011 | D:9      | Found Gerublack's Antique Armour Shop.
 12018 | D:9      | Bought a shiny chain mail for 210 gold pieces
 12018 | D:9      | Bought a pair of spiked gloves for 266 gold pieces
 12039 | D:9      | Identified the +1 pair of gloves of Qium {+Fly rCorr Int-3} (You bought it in a shop on level 9 of the Dungeon)
 12073 | D:9      | Noticed a skeletal warrior
 12085 | D:9      | Killed a skeletal warrior
 12087 | D:9      | Got a crystal great sword {freeze}
 12088 | D:9      | Identified the +8 great sword "Pihi" {freeze, rC+ Dex+4} (You took it off a skeletal warrior on level 9 of the Dungeon)
 12425 | D:10     | Entered Level 10 of the Dungeon
 12441 | D:10     | Learned a level 2 spell: Searing Ray
 12480 | D:10     | Found a staircase to the Lair.
 12802 | D:10     | Killed an unseen horror
 13134 | D:9      | Learned a level 3 spell: Vampiric Draining
 13138 | D:9      | Learned a level 3 spell: Regeneration
 13800 | Lair:1   | Entered Level 1 of the Lair of Beasts
 13882 | Lair:1   | Reached skill level 15 in Axes
 13895 | Lair:1   | Reached ****** piety under Uskayaw
 13926 | Lair:1   | Found a labyrinth entrance.
 13943 | Lab      | Entered a labyrinth
 14166 | Lab      | Noticed a minotaur
 14183 | Lab      | Killed a minotaur
 14183 | Lab      | Reached skill level 10 in Fighting
 14183 | Lab      | Reached skill level 10 in Invocations
 14528 | Lab      | Got a warped silver amulet
 14529 | Lab      | Got a faintly humming scale mail
 14529 | Lab      | Got a pair of ichor-stained boots
 14578 | Lab      | Identified the amulet "Cistyk" {Gourm *Corrode rN+++ MP+9 Str+3} (You found it in a labyrinth)
 14584 | Lab      | Identified the +2 pair of boots of Paranoia {+Inv} (You found it in a labyrinth)
 14594 | Lab      | Identified the cursed +1 scale mail "Siggot" {*Slow rPois Int+9 Dex-3} (You found it in a labyrinth)
 14751 | Lair:1   | Noticed an eight-headed hydra
 14757 | Lair:1   | Killed a five-headed hydra
 14757 | Lair:1   | Reached skill level 1 in Evocations
 14757 | Lair:1   | Reached XP level 12. HP: 89/106 MP: 19/19
 15664 | Lair:2   | Noticed an eight-headed hydra
 15673 | Lair:2   | Killed a five-headed hydra
 15679 | Lair:2   | Reached skill level 10 in Armour
 15838 | Lair:2   | Found a hole to the Spider Nest.
 17378 | Lair:3   | Reached XP level 13. HP: 98/115 MP: 21/21
 17426 | Lair:4   | Noticed Nessos
 17827 | Lair:4   | Killed Nessos
 18061 | Lair:4   | Found a staircase to the Swamp.
 18357 | Lair:4   | Reached skill level 5 in Evocations
 19905 | Lair:5   | Noticed Josephine
 19914 | Lair:5   | Killed Josephine
 20576 | Lair:5   | Found a viscous altar of Jiyva.
 20576 | Lair:5   | Found a staircase to the Slime Pits.
 20678 | Lair:6   | Entered Level 6 of the Lair of Beasts
 20937 | Lair:6   | Reached XP level 14. HP: 126/126 MP: 23/23
 21379 | Lair:6   | Reached skill level 5 in Dodging
 21738 | Lair:6   | Found a large runed door.
 21738 | Lair:6   | Found a large runed door.
 22891 | D:11     | Found a staircase to the Orcish Mines.
 23003 | Orc:1    | Entered Level 1 of the Orcish Mines
 23098 | Orc:2    | Entered Level 2 of the Orcish Mines
 23133 | Orc:2    | Found a staircase to the Elven Halls.
 23222 | Orc:2    | Found Ifeh Bapluig's Armour Shop.
 24299 | Orc:2    | Reached XP level 15. HP: 129/136 MP: 25/25
 24533 | Orc:2    | Found Hozoh's Weapon Shoppe.
 24533 | Orc:2    | Found Qelylibb's Food Boutique.
 24534 | Orc:2    | Found Kisumair's Assorted Antiques.
 24534 | Orc:2    | Found Qefomali's Book Shoppe.
 24955 | Orc:1    | Noticed Erica
 24977 | Orc:1    | Killed Erica
 27458 | D:13     | Noticed a tengu reaver
 27459 | D:13     | Noticed Azrael
 27468 | D:13     | Killed a tengu reaver
 27471 | D:13     | Killed Azrael
 27499 | D:13     | Noticed a tengu reaver
 27510 | D:13     | Killed a tengu reaver
 27829 | D:13     | Lost intelligence.
 27881 | D:13     | Lost intelligence.
 28349 | D:14     | Found a gate to the Vaults.
 28458 | D:14     | Noticed Rupert
 28476 | D:14     | Killed Rupert
 28476 | D:14     | Reached skill level 15 in Invocations
 28476 | D:14     | Reached XP level 16. HP: 147/147 MP: 3/27
 29455 | D:14     | Noticed Roxanne
 29469 | D:14     | Killed Roxanne
 29470 | D:14     | Identified Roxanne's Almanac of Moulding (You took it off Roxanne on level 14 of the Dungeon)
 29761 | D:14     | Reached XP level 17. HP: 154/154 MP: 28/28
 29785 | D:14     | Reached skill level 15 in Fighting
 30097 | D:15     | Entered Level 15 of the Dungeon
 30670 | D:15     | Noticed Monsterracer's ghost (adept TrFi)
 30697 | D:15     | Killed Monsterracer's ghost
 31483 | D:15     | Found a staircase to the Depths.
 31809 | D:15     | Noticed Sonja
 31818 | D:15     | Killed Sonja
 32216 | Swamp:1  | Entered Level 1 of the Swamp
 32580 | Swamp:1  | Reached skill level 15 in Armour
 33021 | Swamp:1  | You fall through a shaft!
 33021 | Swamp:2  | Noticed a tentacled monstrosity
 33033 | Swamp:2  | Killed a tentacled monstrosity
 33486 | D:9      | Bought a faintly humming buckler for 266 gold pieces
 33497 | D:9      | Identified the +5 buckler "Ysokyor" {rElec rPois rC+} (You bought it in a shop on level 9 of the Dungeon)
 33745 | Swamp:1  | Reached XP level 18. HP: 153/168 MP: 29/29
 34021 | Swamp:2  | Noticed Jorgrun
 34047 | Swamp:2  | Killed Jorgrun
 35602 | Swamp:3  | Noticed nikopol's ghost (adept GrBe)
 35611 | Swamp:3  | Killed nikopol's ghost
 36773 | Swamp:4  | Entered Level 4 of the Swamp
 37512 | Swamp:4  | Got a decaying rune of Zot
 38097 | Swamp:4  | Reached XP level 19. HP: 160/179 MP: 30/30
 38332 | Spider:1 | Entered Level 1 of the Spider Nest
 40583 | Spider:2 | Noticed Asterion
 40768 | Spider:2 | Killed Asterion
 42880 | Spider:4 | Entered Level 4 of the Spider Nest
 44079 | Spider:4 | Reached XP level 20. HP: 162/193 MP: 29/31
 44691 | Spider:4 | Got a jewelled executioner's axe
 44697 | Spider:4 | Lost intelligence.
 44697 | Spider:4 | Identified the +3 executioner's axe of Popular Demand {chop, rF+ Str+8 Int-4} (You acquired it on level 4 of the Spider Nest)
 44720 | Spider:4 | Got a gossamer rune of Zot
 44728 | Spider:4 | Lost mutation: You expend magic power (3 MP) to strengthen your wands. [potion of mutation]
 44728 | Spider:4 | Lost mutation: You are dopey. (Int -2) [potion of mutation]
 44728 | Spider:4 | Lost mutation: You are somewhat resistant to further mutation. [potion of mutation]
 44728 | Spider:4 | Gained mutation: You are occasionally teleported next to monsters. [potion of mutation]
 44728 | Spider:4 | Gained mutation: You are agile. (Dex +2) [potion of mutation]
 44728 | Spider:4 | Gained mutation: You are very agile. (Dex +4) [potion of mutation]
 44729 | Spider:4 | Lost mutation: You are very agile. (Dex +4) [potion of mutation]
 44729 | Spider:4 | Lost mutation: Your muscles are strong. (Str +2) [potion of mutation]
 44729 | Spider:4 | Gained mutation: Your spells are a little easier to cast, but a little less powerful. [potion of mutation]
 44729 | Spider:4 | Gained mutation: Your muscles are strong. (Str +2) [potion of mutation]
 44730 | Spider:4 | Lost mutation: You are agile. (Dex +2) [potion of mutation]
 44730 | Spider:4 | Lost mutation: Your spells are a little easier to cast, but a little less powerful. [potion of mutation]
 44730 | Spider:4 | Lost mutation: Your muscles are strong. (Str +2) [potion of mutation]
 44730 | Spider:4 | Gained mutation: You are agile. (Dex +2) [potion of mutation]
 44730 | Spider:4 | Gained mutation: Your skin changes colour to match your surroundings (Stealth+). [potion of mutation]
 44731 | Spider:4 | Lost mutation: Your skin changes colour to match your surroundings (Stealth+). [potion of mutation]
 44731 | Spider:4 | Lost mutation: You are agile. (Dex +2) [potion of mutation]
 44731 | Spider:4 | Gained mutation: You are sometimes teleported next to monsters. [potion of mutation]
 44731 | Spider:4 | Gained mutation: Your muscles are strong. (Str +2) [potion of mutation]
 44732 | Spider:4 | Lost mutation: Your muscles are strong. (Str +2) [potion of mutation]
 44732 | Spider:4 | Lost mutation: You are sometimes teleported next to monsters. [potion of mutation]
 44732 | Spider:4 | Lost mutation: You are occasionally teleported next to monsters. [potion of mutation]
 44732 | Spider:4 | Gained mutation: Potions are less effective at restoring your health. [potion of mutation]
 44732 | Spider:4 | Gained mutation: You have a pair of small horns on your head. [potion of mutation]
 44733 | Spider:4 | Lost mutation: You have a pair of small horns on your head. [potion of mutation]
 44733 | Spider:4 | Lost mutation: Potions are less effective at restoring your health. [potion of mutation]
 44733 | Spider:4 | Gained mutation: Your system is resistant to poisons. (rPois) [potion of mutation]
 44733 | Spider:4 | Gained mutation: Scrolls take you a little longer to read. [potion of mutation]
 44733 | Spider:4 | Lost mutation: Your system is resistant to poisons. (rPois) [potion of mutation]
 44733 | Spider:4 | Gained mutation: You are agile. (Dex +2) [potion of mutation]
 44748 | Spider:4 | Got a shimmering copper amulet
 44751 | Spider:4 | Identified the amulet of the Skies Above {Gourm rF+} (You acquired it on level 4 of the Spider Nest)
 45211 | Vaults:1 | Entered Level 1 of the Vaults
 47214 | Vaults:1 | Found Qeix's Antique Armour Shoppe.
 47232 | Vaults:1 | Bought a runed plate armour for 702 gold pieces
 47798 | Vaults:2 | Noticed Saint Roka
 47844 | Vaults:2 | Killed Saint Roka
 48293 | Vaults:2 | Noticed Bai Suzhen
 48301 | Vaults:2 | Killed Bai Suzhen
 48301 | Vaults:2 | Reached XP level 21. HP: 194/202 MP: 32/32
 49074 | Vaults:2 | Lost mutation: You are agile. (Dex +2) [mutagenic meat]
 49075 | Vaults:2 | Gained mutation: You have a pair of small antennae on your head. [mutagenic meat]
 49076 | Vaults:2 | Gained mutation: You have large cloven feet. [mutagenic meat]
 49077 | Vaults:2 | Gained mutation: You tend to lose your temper in combat. [mutagenic meat]
 49085 | Vaults:2 | Lost intelligence.
 49085 | Vaults:2 | Gained mutation: You are dopey. (Int -2) [mutagenic meat]
 49087 | Vaults:2 | Gained mutation: You are agile. (Dex +2) [mutagenic meat]
 49088 | Vaults:2 | Gained mutation: You have hoof-like feet. [mutagenic meat]
 49089 | Vaults:2 | Gained mutation: You have a somewhat thin skeletal structure. (Dex +2, Stealth) [mutagenic meat]
 49304 | Orc:2    | Bought a +0 pair of gloves of dexterity for 195 gold pieces
 51405 | Vaults:3 | Found Vial's General Store.
 51408 | Vaults:3 | Paralysed by an ogre mage for 4 turns
 51436 | Vaults:3 | Bought the +5 plate armour "Vugget" {rPois rC- Int+6 Slay+4} for 1550 gold pieces
 51510 | Vaults:3 | Reached XP level 22. HP: 193/213 MP: 33/33
 52045 | Vaults:3 | Found a staircase to the Crypt.
 52045 | Vaults:3 | Found a basalt altar of Yredelemnul.
 52046 | Vaults:3 | Found an ancient bone altar of Kikubaaqudgha.
 53542 | Vaults:4 | Paralysed by an orc sorcerer for 7 turns
 54769 | Vaults:4 | Reached XP level 23. HP: 101/223 MP: 34/34
 55570 | Vaults:4 | Got a crude plate armour
 55573 | Vaults:4 | Identified the cursed +0 plate armour of Loxytueb {rElec rPois rC- rN+} (You found it on level 4 of the Vaults)
 55905 | Vaults:5 | Entered Level 5 of the Vaults
 55911 | Vaults:5 | Reached skill level 27 in Axes
 56074 | Vaults:5 | Noticed a golden dragon
 56197 | Vaults:5 | Noticed a golden dragon
 56246 | Vaults:4 | Killed a golden dragon
 57295 | Vaults:5 | Noticed an ancient lich
 58046 | Vaults:5 | Killed an ancient lich
 58046 | Vaults:5 | Reached XP level 24. HP: 235/235 MP: 34/34
 58425 | Depths:1 | Entered Level 1 of the Depths
 59930 | Depths:1 | Reached skill level 10 in Dodging
 60058 | Depths:1 | Found a gateway to Hell.
 61590 | Depths:2 | Paralysed by a floating eye for 4 turns
 61597 | Depths:2 | Paralysed by a floating eye for 2 turns
 62331 | Depths:2 | Got a slimy battleaxe {protect}
 62332 | Depths:2 | Identified the +8 battleaxe "Momnyoxt" {protect, *Slow rElec rPois Str+7} (You took it off a vampire on level 2 of the Depths)
 62715 | Depths:2 | Got an ichor-stained chain mail
 62718 | Depths:2 | Identified the cursed +0 chain mail of the Hidden Vale {*Contam rC+ MP+9 Int+2 Stlth+} (You found it on level 2 of the Depths)
 63561 | Depths:3 | Reached XP level 25. HP: 226/247 MP: 34/34
 63879 | Depths:3 | Noticed the Enchantress
 63886 | Depths:3 | Killed the Enchantress
 64382 | Depths:3 | Found a one-way gate leading to the halls of Pandemonium.
 64383 | Depths:3 | Gained mutation: You are very agile. (Dex +4) [a neqoxec]
 64765 | Depths:3 | Got faerie dragon scales
 64768 | Depths:3 | Identified the +3 faerie dragon scales {rF+ rCorr} (You took it off the Enchantress on level 3 of the Depths)
 65448 | Depths:4 | Found a one-way gate to the infinite horrors of the Abyss.
 66347 | Depths:4 | Identified the Reference Book on Unstable Summoning
 66752 | Depths:5 | Entered Level 5 of the Depths
 67405 | Depths:5 | Found a gate to the Realm of Zot.
 67825 | Depths:5 | Found a hide-covered altar of Uskayaw.
 67984 | Depths:5 | Reached XP level 26. HP: 259/259 MP: 34/34
 68047 | Depths:5 | Reached XP level 27. HP: 213/267 MP: 34/34
 69082 | Vaults:5 | Noticed an ancient lich
 69098 | Vaults:5 | Killed an ancient lich
 69468 | Vaults:5 | Got a silver rune of Zot
 69912 | Vaults:5 | Lost mutation: Scrolls take you a little longer to read. [potion of mutation]
 69912 | Vaults:5 | Lost mutation: You are dopey. (Int -2) [potion of mutation]
 69912 | Vaults:5 | Lost mutation: You have a pair of small antennae on your head. [potion of mutation]
 69912 | Vaults:5 | Lost mutation: You are very agile. (Dex +4) [potion of mutation]
 69912 | Vaults:5 | Lost mutation: You tend to lose your temper in combat. [potion of mutation]
 69912 | Vaults:5 | Gained mutation: You can translocate small distances at will. [potion of mutation]
 69912 | Vaults:5 | Gained mutation: You evolve. [potion of mutation]
 70145 | Vaults:5 | Got a slimy crystal plate armour
 70146 | Vaults:5 | Identified the +4 crystal plate armour of Lethargy {+Fly MR+ rCorr Str-2} (You found it on level 5 of the Vaults)
 70251 | Vaults:5 | Found Hafipt's Gadget Shop.
 70493 | Vaults:5 | Identified the Incunabulum of Conjuration
 70970 | Zot:1    | Entered Level 1 of the Realm of Zot
 71933 | Zot:1    | Reached skill level 27 in Fighting
 71988 | Zot:1    | Lost mutation: You are agile. (Dex +2) [evolution]
 74425 | Zot:2    | Reached skill level 27 in Armour
 74447 | Zot:2    | Noticed an orb of fire
 74458 | Zot:2    | Killed an orb of fire
 74478 | Zot:2    | Reached skill level 15 in Dodging
 76356 | Zot:4    | Noticed an orb of fire
 76358 | Zot:4    | Gained mutation: You occasionally shout uncontrollably at your foes. [an orb of fire]
 76362 | Zot:4    | Killed an orb of fire
 77380 | Zot:4    | Noticed an orb of fire
 77395 | Zot:4    | Killed an orb of fire
 77556 | Zot:5    | Entered Level 5 of the Realm of Zot
 78293 | Zot:5    | Noticed an ancient lich
 78299 | Zot:5    | Killed an ancient lich
 78564 | Zot:5    | Noticed an ancient lich
 78574 | Zot:5    | Noticed an ancient lich
 78575 | Zot:5    | Killed an ancient lich
 78577 | Zot:5    | Blown up by an ancient lich

Vault maps used:
D:1:      minmay_arrival_arboretum_small
D:2:      nicolae_tso_carved_into_rock, minmay_overflow_temple_hex, first_bread,
          uniq_jessica, uniq_natasha, uniq_robin
D:3:      nicolae_gozag_seed_capital, uniq_sigmund
D:4:      kiku_gazebo_garden_becter, portal_sewer_entry_b,
          hangedman_abyss_or_decor_jellyfish_corner, uniq_blork_the_orc
D:5:      serial_shops, shop, minmay_liquid_box, okawaru_altar_gauntlet_db
D:7:      lemuel_crystal_altar, nicolae_overflow_crystal_walls, temple_green,
          serial_shops, nicolae_shop_waterfront
D:8:      uniq_joseph
D:9:      minmay_blocky_corners, zin_treasury, overflow_temple_1_default,
          serial_shops, kennysheep_mini, hangedman_little_slice_of_home
D:10:     minmay_lair_entry_lava
D:11:     orc_0_dummy
D:13:     cross_vault, lightli_fourway_metalbox, uniq_azrael
D:14:     david_vaults_1, nicolae_water_bricks, uniq_rupert, uniq_roxanne
D:15:     grunt_enter_depths_hoard, nicolae_twisting_strands, uniq_sonja
Lair:1:   lab_entry_generic, beast_lair_carwin_5
Lair:2:   nicolae_spider_entry_orb_guardian, lemuel_fruit_fields,
          infiniplex_staircase_pool, minmay_lair_oklob_chamber,
          serial_bayou_shore_b, grunt_megastairs_3, lemuel_fruit_fields,
          lemuel_fruit_fields
Lair:4:   minmay_swamp_entry_reptiles, columned_hall_lemuel, uniq_nessos
Lair:5:   dpeg_slime_entry_enclosed_altar, uniq_josephine
Lair:6:   cheibrodos_lair_end_hotspot
Swamp:1:  evilmike_swamp_ruin_house_1, swamp_pool2
Swamp:2:  evilmike_swamp_ruin_house_2, infiniplex_staircase_pool_2, uniq_jorgrun
Swamp:3:  evilmike_swamp_ruin_house_6, swamp_pool1
Swamp:4:  swamp
Spider:1: minivault_29
Spider:2: spider_trap, uniq_asterion
Spider:4: floodkiller_spider_rune_tomb, nicolae_spider_circle_web
Orc:1:    uniq_erica
Orc:2:    st_orc_ogre_mass, serial_shops, shop
Vaults:1: st_more_cells, v_rooms_4, vaults_mumra_hexcomb, nicolae_vaults_theta,
          v_misc_3, vaults_room_grid, ontoclasm_vaults_loading_screen,
          vaults_room_mumra_shop_pool, nicolae_vaults_little_squares_6
Vaults:2: vaults_room_ringed_pool, st_lattice, hangedman_vaults_maws,
          grunt_vaults_funnel, nicolae_vaults_network_star,
          ontoclasm_vaults_idyll, nicolae_vaults_rhombus_7, v_rooms_2,
          nicolae_vaults_mini_display_case, nicolae_vaults_little_ls,
          grunt_vaults_hallway_short, nicolae_vaults_gold_heap, uniq_saint_roka,
          uniq_bai_suzhen
Vaults:3: vaults_room_hangedman_quadrants, minmay_crypt_entry_necro_gods,
          nicolae_vaults_arrows, ontoclasm_vaults_hangar,
          vaults_room_fancy_cross, grunt_vaults_hallway_short,
          vaults_dpeg_doors, v_misc_31, vaults_room_fours,
          nicolae_vaults_windows_and_doors_thing, serial_shops, shop
Vaults:4: vaults_room_corners, nicolae_vaults_network_quinsquares,
          vaults_standard_mumra_lines, v_alt_pattern_2,
          ontoclasm_vaults_misaligned, nicolae_vaults_holding_cells,
          nicolae_vaults_network_square, v_misc_14, vaults_room_grid
Depths:1: grunt_hell_horde, serial_sigils, serial_sigils_hangedman_scratch,
          serial_sigils_hangedman_gut, serial_sigils_hangedman_etch,
          serial_sigils_hangedman_clutch, serial_sigils_hangedman_quiver,
          hex_tiny, kennysheep_generic_room_12
Depths:2: lemuel_river_lethe, hell_entry
Depths:3: hangedman_stitches_corridor, hell_entry,
          serial_sigils_hangedman_confine, grunt_pan_entry_in_and_out,
          serial_glass, glass_columns_a, glass_columns_a, glass_columns_a,
          glass_columns_a, glass_columns_b, glass_columns_b,
          hangedman_decor_clover_reticule, uniq_enchantress
Depths:4: minmay_broken_ring, hell_entry, abyss_entry_crystal,
          infiniplex_staircase_split_hallway
Depths:5: grunt_zot_entry_hairpin, lemuel_round_altar, pf_coc_iceberg
Zot:1:    st_single_dragon_hoard_4, st_stairs_11, zot_minivault_8
Zot:2:    grunt_zot_stairs_mandelzot
Zot:4:    grunt_zot_stairs_faceoff
Lab:      labyrinth_watery, nicolae_lab_t_cross
Sewer:    sewer_frog_island_02

Skill      XL: |  1  2  3  4  5  6  7  8  9 10 11 12 13 14 15 16 17 18 19 20 21 22 23 24 25 26 27 |
---------------+----------------------------------------------------------------------------------+-----
Axes           | 3 4 5 6 7 8 9 10 12 14 15 16 17 18 19 20 21 22 23 25 26 27 | 27.0
Invocations    | 1 2 3 5 7 8 10 11 12 13 15 17 | 17.8
Fighting       | 4 6 7 8 10 12 13 14 16 18 19 20 21 22 23 24 25 27 | 27.0
Armour         | 4 5 7 8 9 10 11 12 13 15 16 18 19 20 21 23 24 27 | 27.0
Dodging        | 2 3 4 5 6 7 8 9 10 12 18 | 18.3
Evocations     | 1 4 6 7 |  7.0
Shields        | 4 |  4.0

Action                   |  1- 3 |  4- 6 |  7- 9 | 10-12 | 13-15 | 16-18 | 19-21 | 22-24 | 25-27 || total
-------------------------+-------+-------+-------+-------+-------+-------+-------+-------+-------++-------
Melee: War axe           |    85 |   143 |   551 |   100 |       |       |       |       |       ||   879
       Broad axe         |       |       |       |   361 |   980 |  1030 |   799 |       |       ||  3170
       Executioner's axe |       |       |       |       |       |       |   573 |   936 |  1246 ||  2755
Invok: Stomp             |       |       |     4 |     5 |     4 |     3 |     3 |       |       ||    19
       Line Pass         |       |       |     1 |     1 |       |     1 |     1 |       |       ||     4
       Grand Finale      |       |       |       |       |     2 |     5 |     4 |     2 |     3 ||    16
 Abil: Evoke Berserk Rag |       |       |       |     1 |     8 |     2 |       |       |       ||    11
       Evoke Invisibilit |       |       |       |       |     3 |     1 |       |       |     2 ||     6
       Evoke Flight      |       |       |       |       |     2 |     3 |     1 |     4 |     1 ||    11
       Blink             |       |       |       |       |       |       |       |       |     1 ||     1
Evoke: Wand              |       |       |       |       |       |       |     1 |       |       ||     1
  Use: Potion            |     1 |     6 |     6 |     3 |     5 |     1 |     8 |     1 |     5 ||    36
       Scroll            |       |       |    13 |     9 |    10 |     4 |    18 |     4 |    19 ||    77
 Stab: Paralysed         |       |     1 |    26 |    39 |    83 |    93 |   217 |   174 |   174 ||   807
       Distracted        |       |       |     1 |       |       |       |     1 |     1 |       ||     3
       Confused          |       |       |     1 |     1 |       |       |     1 |       |       ||     3
       Invisible         |       |       |       |       |     6 |     4 |       |       |     5 ||    15
  Eat: Chunk             |     1 |     7 |    18 |    25 |    42 |    33 |    53 |    38 |    46 ||   263
       Fruit             |       |       |     2 |     4 |     4 |     2 |     4 |     4 |     5 ||    25
       Meat ration       |       |       |       |       |       |     1 |       |       |       ||     1
Armor: Scale mail        |    38 |    64 |   140 |       |       |       |       |       |       ||   242
       Chain mail        |       |       |   141 |   132 |       |    21 |   204 |       |       ||   498
       Plate armour      |       |       |       |   102 |   580 |   692 |   734 |   489 |   274 ||  2871
       Crystal plate arm |       |       |       |       |       |       |       |       |   622 ||   622
Dodge: Dodged            |    25 |    49 |   139 |   136 |   357 |   417 |   754 |   544 |   837 ||  3258
Block: Shield            |    44 |    76 |   177 |       |       |       |       |       |       ||   297
       Buckler           |       |       |       |       |       |   243 |   422 |       |       ||   665
